Map: Ice and Chrome LE

Players

goblin

  • Race: Protoss Protoss
  • League: Grandmaster
  • Spawn Location: 1:00

ShoWTimE - Winner!

  • Race: Protoss Protoss
  • League: Grandmaster
  • Spawn Location: 7:00

Event: DreamHack SC2 Masters 2020 Fall

VOD

Have the link to the VOD?

Description

Time

  • Played on: Sept. 6, 2020, 11:59 a.m.
  • Length: 7:35

All games in this series

Show
View Real Time Build Order
Export as new Build Order

goblin Protoss 

Build Orders:  

Get SALT Encoding   

  12  0:00  Probe  
  13  0:12  Probe  
  14  0:17  Pylon  
  14  0:24  Probe (Chrono Boost)  
  16  0:36  Probe (Chrono Boost)  
  16  0:37  Gateway  
  16  0:43  Probe (Chrono Boost)  
  16  0:46  Assimilator  
  17  0:51  Probe  
  17  0:54  Assimilator  
  18  1:03  Probe (Chrono Boost)  
  19  1:07  Gateway  
  19  1:12  Probe (Chrono Boost)  
  19  1:17  Probe (Chrono Boost)  
  20  1:25  Cybernetics Core  
  21  1:29  Probe  
  22  1:37  Pylon  
  22  1:44  Probe  
  23  2:02  Stargate  
  23  2:04  Adept  
  23  2:05  Adept  
  23  2:07  Warp Gate  
  27  2:15  Pylon  
  27  2:34  Adept  
  27  2:35  Adept  
  27  2:36  Void Ray (Chrono Boost)  
  35  2:55  Pylon  
  35  3:03  Void Ray (Chrono Boost)  
  39  3:33  Void Ray  
  35  3:37  Gateway  
  39  3:45  Pylon  
  39  3:58  Stalker x2  
  39  4:01  Pylon  
  43  4:14  Void Ray (Chrono Boost)  
  43  4:23  Pylon  
  43  4:29  Zealot x2  
  43  4:34  Shield Battery  
  43  4:39  Zealot  
  43  4:44  Void Ray (Chrono Boost)  
  45  4:50  Shield Battery  
  49  4:57  Pylon  
  49  5:08  Stalker  
  45  5:22  Zealot  
  51  5:34  Void Ray (Chrono Boost)  
  51  5:35  Shield Battery  
  51  5:50  Pylon  
  51  5:51  Pylon  
  51  5:54  Pylon  
  51  5:59  Pylon  
  49  6:07  Void Ray (Chrono Boost)  
  47  6:15  Zealot  
  49  6:32  Stalker  
  49  6:37  Void Ray  
  35  7:29  Nexus  
Show
View Real Time Build Order
Export as new Build Order

ShoWTimE Protoss - Winner!

Build Orders:  

Get SALT Encoding   

  12  0:00  Probe  
  13  0:12  Probe  
  14  0:17  Pylon  
  14  0:24  Probe (Chrono Boost)  
  15  0:36  Gateway, Probe (Chrono Boost)  
  16  0:44  Probe (Chrono Boost)  
  16  0:46  Assimilator  
  17  0:50  Probe  
  17  0:55  Assimilator  
  18  1:03  Probe (Chrono Boost)  
  19  1:13  Gateway, Probe (Chrono Boost)  
  20  1:18  Probe (Chrono Boost)  
  21  1:27  Cybernetics Core  
  21  1:29  Probe  
  22  1:34  Pylon  
  22  1:41  Probe  
  23  1:53  Probe  
  24  2:00  Warp Gate (Chrono Boost)  
  24  2:03  Stalker x2  
  24  2:06  Probe  
  29  2:12  Pylon  
  29  2:25  Probe  
  30  2:33  Stalker x2  
  34  2:48  Gateway  
  34  3:04  Pylon, Stalker x2  
  32  3:35  Probe  
  32  3:39  Shield Battery  
  33  3:42  Stalker x3  
  33  3:47  Shield Battery, Pylon  
  39  4:05  Stalker x3  
  39  4:07  Pylon  
  39  4:28  Stalker x3  
  43  4:37  Shield Battery  
  43  4:53  Stalker x3  
  49  5:21  Stalker x3  
  50  5:36  Pylon  
  50  5:41  Pylon  
  50  5:46  Stalker x3  
  56  5:56  Shield Battery  
  54  6:13  Stalker x2  
  54  6:14  Stalker  
  58  6:18  Shield Battery  
  58  6:33  Stalker x2  
  62  6:40  Stalker  
  64  6:57  Stalker x2  
  59  7:13  Stalker  
  60  7:23  Pylon  
  60  7:28  Stalker  

Tags
 
Add a new tag
Caveats
  • Supply blocks, unpowered buildings, or Contaminate may cause inaccurate times.
  • Supply counts are checked every 10 seconds.